 Dungeon Sprint DCSS version 0.29.0-7-g18a832c13a (webtiles) character file.

Game seed: 2195316341282639837

28 GigaChad the Shield-Bearer (level 2, -6/29 HPs)
             Began as a Minotaur Fighter on Aug 30, 2022.
             Mangled by Crazy Yiuf
             ... wielding a +3 quarterstaff of chaos
              (13 damage)
             ... in the Dungeon (Sprint III: "The Ten Rune Challenge").
             The game lasted 00:00:48 (306 turns).

GigaChad the Shield-Bearer (Minotaur Fighter)        Turns: 306, Time: 00:00:49

Health: -6/29      AC:  7    Str: 20    XL:     2   Next: 96%
Magic:  0/1        EV:  9    Int:  5    God:
Gold:   0          SH:  5    Dex:  9    Spells: 1/1 levels left

rFire   . . .      SeeInvis .   a - +0 long sword
rCold   . . .      Faith    .   c - +0 buckler
rNeg    . . .      Spirit   .   b - +0 scale mail
rPois   .          Reflect  .   (helmet restricted)
rElec   .          Harm     .   (no cloak)
rCorr   .          Rampage  .   (no gloves)
Will    .....      NoTele   +   (no boots)
Stlth   ..........              (no amulet)
HPRegen 0.09/turn               (no ring)
MPRegen 0.07/turn               (no ring)

@: no status effects
A: horns 2, retaliatory headbutt
a: no special abilities


You were in the Dungeon.
You visited 1 branch

Inventory:

Hand Weapons
 a - a +0 long sword (weapon)
Armour
 b - a +0 scale mail (worn)
 c - a +0 buckler (worn)
Scrolls
 j - a scroll of blinking
 k - a scroll of amnesia {unknown}
Potions
 d - a potion of might
 e - a potion of curing
 f - a potion of heal wounds
 g - a potion of haste
 h - 2 potions of magic
 i - a potion of berserk rage
 l - a potion of ambrosia {unknown}


   Skills:
 + Level 5.1 Fighting
 + Level 3.7 Long Blades
 + Level 4.9 Armour
 + Level 0.5 Dodging
 + Level 5.4 Shields


You had one spell level left.
You didn't know any spells.
Your spell library was empty.

Dungeon Overview and Level Annotations

Branches:
Dungeon (1/1)

Altars:

Annotations:
D Crazy Yiuf


Innate Abilities, Weirdness & Mutations

You have a pair of horns on your head.
You reflexively headbutt those who attack you in melee.


Message History

You kill Jessica!
Your Fighting skill gained 2 levels and is now at level 5!
Your Long Blades skill increases to level 3!
Your Armour skill increases to level 4!
Your Shields skill gained 2 levels and is now at level 5!
You have reached level 2!
l - a smoky orange potion You start resting.
You start resting.
HP restored.
Things that are here:
a +1 dagger of freezing; a +2 robe of willpower; the human corpse of Jessica A rat comes into view.
You block the rat's attack.
You slash the rat!
You kill the rat!
You see here a rat corpse.
A human comes into view.
The human shouts!
A human is nearby!
Crazy Yiuf the Enlightened comes into view.
He is wielding a +3 quarterstaff of chaos.
Crazy Yiuf shouts!
Crazy Yiuf closely misses you.
You hit Crazy Yiuf.
Crazy Yiuf is lightly wounded.
The human barely misses you. You furiously retaliate!
You headbutt the human! You block Crazy Yiuf's attack.
You barely miss Crazy Yiuf. Your headbutt misses Crazy Yiuf.
Crazy Yiuf is lightly wounded.
The human hits you but does no damage.
Crazy Yiuf hits you with a +3 quarterstaff of chaos.
Crazy Yiuf burns you. You block the human's attack.
Crazy Yiuf hits you with a +3 quarterstaff of chaos!
You feel your power leaking away.
You hit Crazy Yiuf.
Crazy Yiuf is moderately wounded.
The human hits you.
* * * LOW HITPOINT WARNING * * *
Crazy Yiuf hits you with a +3 quarterstaff of chaos!
You die...

▓...#......##
▓..##....)..# ..#
▓##.##.##...# ..#
##.##.###..# #..#
▓#.####.##..# ...+
▓.###..##.†## #...#
▓#.....##..###....#
###..##...##p....#
##..##....#.@g...#
#..###..##.#.....#
#..# #.. ####....#
▓▓▓▓ ▓▓▓ ▓▓▓▓▓


You could see a human and Crazy Yiuf.

Vanquished Creatures
  Jessica (D)
  3 rats (D)
4 creatures vanquished.

Notes
Turn   | Place    | Note
-------+----------+-------------------------------------------
     0 | D        | GigaChad the Minotaur Fighter began the quest for the Orb.
     0 | D        | Reached XP level 1. HP: 19/19 MP: 0/0
    73 | D        | Noticed Jessica
    82 | D        | Killed Jessica
    83 | D        | Reached skill level 5 in Fighting
    83 | D        | Reached skill level 5 in Shields
    83 | D        | Reached XP level 2. HP: 10/29 MP: 1/1
   302 | D        | Noticed Crazy Yiuf
   306 | D        | Mangled by Crazy Yiuf

Illustrated notes

Levels and vault maps discovered:
D:        dungeon_sprint_mu [sprint_mu_entry_cave, sprint_mu_temple_rooms,
          sprint_mu_d1_horrors, sprint_mu_d2_genie, sprint_mu_d3_branching,
          sprint_mu_orc_legion, sprint_mu_elf_gauntlet, sprint_mu_hive_nellie,
          sprint_mu_lair_fedhas, sprint_mu_vaults_butterflies,
          sprint_mu_slime_circle, sprint_mu_shoals_archi,
          sprint_mu_snake_twists, sprint_mu_blade_basic, sprint_mu_crypt_lich,
          sprint_mu_tomb_spiral, sprint_mu_vestibule_basic,
          sprint_mu_gehenna_hellfire, sprint_mu_dis_giant,
          sprint_mu_tartarus_statrot, sprint_mu_cocytus_islands, sprint_mu_zot1]

Skill      XL: |  1 |
---------------+----+-----
Fighting       | 5 |  5.1
Long Blades    | 3 |  3.7
Armour         | 4 |  4.9
Shields        | 5 |  5.4
Dodging        | |  0.5

Action                   || total
-------------------------++-------
Melee: Long sword        ||    18
       Headbutt          ||     1
Armor: Scale mail        ||    10
Dodge: Dodged            ||    10
Block: Buckler           ||     3
